 Dungeon Crawl Stone Soup version 0.21.1-1-g345015f (webtiles) character file.

31 inc the Scratcher (level 3, -2/18 HPs)
             Began as a Felid Chaos Knight on Feb 23, 2018.
             Killed by divine providence
             ... invoked by an orc priest
              (9 damage)
             ... on level 4 of the Dungeon.
             The game lasted 00:06:18 (2428 turns).

inc the Scratcher (Felid Chaos Knight)              Turns: 2428, Time: 00:06:19

Health: -2/18      AC:  1    Str:  8    XL:     3   Next: 7%
Magic:  0/4        EV: 18    Int: 14    God:    Xom [.*....]
Gold:   158        SH:  0    Dex: 13    Spells: 2/2 levels left
                                        Lives:  0   Deaths: 1

rFire    . . .     SeeInvis +     - Unarmed
rCold    . . .     Gourm    .   (shield unavailable)
rNeg     . . .     Faith    .   (armour unavailable)
rPois    .         Spirit   +   (helmet unavailable)
rElec    .         Reflect  .   (cloak unavailable)
rCorr    +         Harm     .   (gloves unavailable)
MR       .....                  (boots unavailable)
Stlth    ++........             b - amulet of guardian spirit
HPRegen  0.06/turn              d - ring of resist corrosion
MPRegen  0.09/turn              (no ring)

@: quick
A: very small, no armour, no weapons or thrown items, stealth, antennae 1, claws
1, fangs 3, see invisible, carnivore, clumsy 1, speed 1, robust 1, shaggy fur 1,
slow metabolism 1, sharp paws
a: Renounce Religion


You were on level 4 of the Dungeon.
You worshipped Xom.
You were a plaything of Xom.
You were not hungry.

You visited 1 branch of the dungeon, and saw 4 of its levels.

You collected 158 gold pieces.

Inventory:

Jewellery
 b - an amulet of guardian spirit (around neck)
 d - a ring of resist corrosion (left paw)
 n - an uncursed amulet of magic regeneration
Wands
 l - a wand of random effects (29)
Scrolls
 c - 4 scrolls of teleportation {unknown}
 f - a scroll of enchant armour {unknown}
 g - a scroll of identify {unknown}
 h - a scroll of amnesia {unknown}
 i - a scroll of immolation {unknown}
Comestibles
 a - 7 rations


   Skills:
 - Level 3.0 Fighting
 - Level 3.2 Dodging
 + Level 5.0 Unarmed Combat


You had 2 spell levels left.
You didn't know any spells.

Dungeon Overview and Level Annotations

Branches:
Dungeon (4/15)
 Temple: D:4-7

Altars:
Cheibriados
Trog

Annotations:
D:3 inc's ghost, weakling FeCK
D:4 Natasha


Innate Abilities, Weirdness & Mutations

You cannot wear armour.
You are incapable of wielding weapons or throwing items.
Your paws allow you to move quietly. (Stealth)
You have sharp claws.
You have razor-sharp teeth.
You have supernaturally acute eyesight. (SInv)
You are carnivorous and can eat meat at any time.
You cover ground quickly.
You are covered in fur. (AC +1)
You have a slow metabolism.
Your sharp claws are effective at attacking unaware monsters.
You have a pair of small antennae on your head.
You are clumsy. (Dex -2)
You are robust. (+10% HP)


Message History

You barely miss the orc. You scratch the orc but do no damage.
You bite the orc, but do no damage. The orc hits you with a hand axe.
You scratch the orc but do no damage. The orc completely misses you.
You scratch the orc but do no damage. You completely miss the orc.
The orc hits you with a hand axe!
You closely miss the orc. You bite the orc.
The orc is severely wounded.
The orc barely misses you.
You scratch the orc.
You kill the orc!
Your Unarmed Combat skill increases to level 5!
You closely miss the giant cockroach. You bite the giant cockroach.
The giant cockroach is heavily wounded.
The giant cockroach misses you.
The orc priest calls down the wrath of Beogh upon you.
Beogh smites you!
Ouch! That really hurt!
You die...
Xom bursts into laughter!

####################
#os@................
######
#######o###########...####
.....###.........# #§§§#
................o....#
#§§§#
....((...............#
#§§§#
####sr...###.........#
#...####
###.....ho...#.##o....
...$.§§§ ...........>....
...(. §..$$.§§§
.##....####..... #....
.$$..§§§


You could see an orc priest, an orc and a giant cockroach.

Vanquished Creatures
  An adder (D:4)
  A gnoll (D:1)
  A leopard gecko (D:1)
  An orc (D:4)
  7 bats
  5 giant cockroaches
  5 goblins
  5 hobgoblins
  A quokka (D:2)
  4 frilled lizards
  7 kobolds
  11 rats
49 creatures vanquished.

Notes
Turn   | Place    | Note
-------+----------+-------------------------------------------
     0 | D:1      | inc the Felid Chaos Knight began the quest for the Orb.
     0 | D:1      | Reached XP level 1. HP: 10/10 MP: 2/2
   435 | D:1      | Reached XP level 2. HP: 7/14 MP: 3/3
   704 | D:1      | XOM: butterfly on damage
   971 | D:1      | Reached skill level 4 in Unarmed Combat
  1206 | D:1      | XOM: harmless Ice miscast
  1239 | D:1      | XOM: medium Ice miscast
  1421 | D:1      | XOM: potion effect (might)
  1423 | D:1      | Reached XP level 3. HP: 17/17 MP: 4/4
  1540 | D:2      | Found a bloodstained altar of Trog.
  1643 | D:2      | XOM: harmless Hex miscast
  1728 | D:2      | Found a snail-covered altar of Cheibriados.
  1819 | D:2      | XOM: noise
  2060 | D:2      | XOM: harmless Pois miscast
  2122 | D:2      | XOM: give mutations
  2122 | D:2      | Gained mutation: You are resistant to hostile enchantments. (MR+) [Xom's grace]
  2122 | D:2      | Gained mutation: You can translocate small distances at will. [Xom's grace]
  2122 | D:2      | Gained mutation: You are agile. (Dex +2) [Xom's grace]
  2311 | D:3      | Noticed inc's ghost (weakling FeCK)
  2328 | D:4      | Noticed Natasha
  2331 | D:4      | Reached XP level 4. HP: 1/21 MP: 1/5
  2332 | D:4      | Lost mutation: You are agile. (Dex +2) [potion of mutation]
  2332 | D:4      | Lost mutation: You are resistant to hostile enchantments. (MR+) [potion of mutation]
  2332 | D:4      | Lost mutation: You can translocate small distances at will. [potion of mutation]
  2332 | D:4      | Gained mutation: You expend magic power (3 MP) to strengthen your wands. [potion of mutation]
  2332 | D:4      | Gained mutation: You are covered in thick fur. (AC +2) [potion of mutation]
  2343 | D:4      | Killed from afar by Natasha
  2344 | D:4      | Reached XP level 3. HP: 0/17 MP: 0/4
  2345 | D:4      | Noticed an ogre
  2378 | D:4      | Lost mutation: You are covered in thick fur. (AC +2) [potion of mutation]
  2378 | D:4      | Lost mutation: You expend magic power (3 MP) to strengthen your wands. [potion of mutation]
  2378 | D:4      | Gained mutation: You are frail. (-10% HP) [potion of mutation]
  2378 | D:4      | Gained mutation: You have a pair of small antennae on your head. [potion of mutation]
  2378 | D:4      | Gained mutation: You are somewhat resistant to further mutation. [potion of mutation]
  2379 | D:4      | Lost mutation: You are somewhat resistant to further mutation. [potion of mutation]
  2379 | D:4      | Lost mutation: You are frail. (-10% HP) [potion of mutation]
  2379 | D:4      | Gained mutation: You are clumsy. (Dex -2) [potion of mutation]
  2379 | D:4      | Gained mutation: You are robust. (+10% HP) [potion of mutation]
  2427 | D:4      | Reached skill level 5 in Unarmed Combat
  2428 | D:4      | Killed from afar by an orc priest

Skill      XL: |  1  2  3 |
---------------+----------+-----
Unarmed Combat | 4 5 |  5.0
Fighting       | |  3.0
Dodging        | |  3.2

Action                   |  1- 3 |  4- 6 || total
-------------------------+-------+-------++-------
Melee: Unarmed           |   137 |     3 ||   140
       Bite              |    14 |     1 ||    15
  Use: Potion            |     2 |     4 ||     6
 Stab: Sleeping          |     9 |       ||     9
  Eat: Chunk             |     1 |       ||     1
Armor: Skin              |     6 |     1 ||     7
Dodge: Dodged            |   113 |    17 ||   130
